 Dungeon Sprint DCSS version 0.28.0 (webtiles) character file.

Game seed: 10820554747900095508

846 rocky1 the Blocker (level 7, -3/59 HPs)
             Began as a Minotaur Fighter on Feb 12, 2022.
             Was a Follower of Okawaru.
             Slain by an ice devil (22 damage)
             ... summoned by a kobold demonologist
             ... in the Dungeon (Sprint III: "The Ten Rune Challenge").
             The game lasted 00:04:31 (853 turns).

rocky1 the Blocker (Minotaur Fighter)                Turns: 853, Time: 00:04:32

Health: -3/59      AC:  9    Str: 23    XL:     7   Next: 68%
Magic:  4/6        EV: 11    Int:  5    God:    Okawaru [*.....]
Gold:   14         SH:  8    Dex:  9    Spells: 6/6 levels left

rFire   . . .      SeeInvis .   a - +0 trident
rCold   . . .      Faith    .   c - +0 buckler
rNeg    . . .      Spirit   .   b - +0 scale mail
rPois   .          Reflect  .   (helmet restricted)
rElec   .          Harm     .   l - +0 cloak
rCorr   .          Rampage  .   (no gloves)
Will    .....      NoTele   +   (no boots)
Stlth   +.........              (no amulet)
HPRegen 0.19/turn               (no ring)
MPRegen 0.10/turn               (no ring)

@: heroic
A: horns 2, retaliatory headbutt
a: Renounce Religion, Heroism


You were in the Dungeon.
You worshipped Okawaru.
Okawaru was aware of your devotion.
You visited 1 branch You collected 14 gold pieces.

Inventory:

Hand Weapons
 a - a +0 trident (weapon)
Armour
 b - a +0 scale mail (worn)
 c - a +0 buckler (worn)
 l - a +0 cloak (worn)
Wands
 s - a wand of flame (7)
Scrolls
 j - a scroll of blinking
 m - a scroll of immolation {unknown}
 n - a scroll of amnesia {unknown}
 p - a scroll of holy word {unknown}
 q - a scroll of identify {unknown}
Potions
 d - a potion of might
 e - a potion of curing
 f - 3 potions of heal wounds
 g - a potion of haste
 h - 2 potions of magic
 i - 2 potions of berserk rage
 k - 5 potions of mutation {unknown}
 o - 2 potions of flight
 r - a potion of degeneration {unknown}


   Skills:
 + Level 4.1(9.1) Fighting
 - Level 14.1(19.1) Polearms
 - Level 3.9(8.9) Armour
 + Level 14.4(19.4) Shields
 + Level 0.6 Invocations


You had 6 spell levels left.
You didn't know any spells.
Your spell library was empty.

Dungeon Overview and Level Annotations

Branches:
Dungeon (1/1)

Altars:
Cheibriados
Dithmenos
Fedhas
Gozag
Hepliaklqana
Kikubaaqudgha
Makhleb
Nemelex Xobeh
Okawaru
Qazlal
Ru
Sif Muna
Trog
Uskayaw
Vehumet
Wu Jian
Xom
Yredelemnul
Beogh
Jiyva
Lugonu


Innate Abilities, Weirdness & Mutations

You have a pair of horns on your head.
You reflexively headbutt those who attack you in melee.


Message History

You start resting.
HP restored.
There is a fountain of clear blue water here.
Okay, then.
Okay, then.
You gain the combat prowess of a mighty hero.
You open the door.
A wizard comes into view. It is wielding a +0 dagger.
Found a book of Armaments.
Found three altars.
You reach to attack!
The helpless wizard fails to defend itself.
You impale the wizard!!
You kill the wizard!
Okawaru accepts your kill.
Your base Fighting skill increases to level 4!
No target in view!
A kobold demonologist comes into view. It is wielding a +0 dagger.
Found 10 gold pieces.
The kobold demonologist mumbles some strange words.
There is an open door here.
You closely miss the ice devil.
You headbutt the ice devil, but do no damage.
You closely miss the ice devil. The ice devil hits you!
The ice devil freezes you!!
Unknown command.
Reach: a) +0 trident
Press: ? - help, Dir - move target, f - kobold demonologist
Aim: a kobold demonologist, wielding a +0 dagger and wearing a +0 robe (about 40% to evade your +0 trident)
The ice devil is in the way.
You barely miss the ice devil.
Unknown command.
Reach: a) +0 trident
Press: ? - help, Dir - move target, f/p - kobold demonologist
Aim: a kobold demonologist, wielding a +0 dagger and wearing a +0 robe (about 40% to evade your +0 trident)
The ice devil is in the way.
You hit the ice devil but do no damage.
You headbutt the ice devil, but do no damage.
You block the ice devil's attack.
You hit the kobold demonologist. You headbutt the kobold demonologist.
The kobold demonologist is heavily wounded.
The ice devil hits you! The ice devil freezes you!!
You die...

.#......#####..# #___#__#
##...†...#..#..# #__.#._#
.##.##...#..#..###+#÷###)##
.##.###..##'#..#..........#
####.##..###...'.⌠........#
##..##..####...#...######'#
....##.)###....#.⌠.#__#...#
#..##...##.....#...#__#...#
..##....#.)....#@###__#...#
.###..##.#.....#K4$#__#...+
.# #.. ####....#___#__'...#
▓▓ ▓▓▓ ▓▓▓▓▓▓▓▓▓▓▓▓▓▓▓▓▓


You could see an ice devil (summoned) and a kobold demonologist.

Vanquished Creatures
  A shadow (D)
  A spatial vortex (D)
  A necrophage (D)
  A water elemental (D)
  A jelly (D)
  Crazy Yiuf (D)
  Jessica (D)
  A wizard (D)
  A necromancer (D)
  3 humans (D)
  2 endoplasms (D)
  A rat (D)
15 creatures vanquished.

Notes
Turn   | Place    | Note
-------+----------+-------------------------------------------
     0 | D        | rocky1 the Minotaur Fighter began the quest for the Orb.
     0 | D        | Reached XP level 1. HP: 19/19 MP: 0/0
    37 | D        | Noticed Jessica
    44 | D        | Killed Jessica
    45 | D        | Reached skill level 5 in Polearms
    45 | D        | Reached XP level 2. HP: 18/27 MP: 1/1
    45 | D        | Reached XP level 3. HP: 22/33 MP: 2/2
   356 | D        | Noticed Crazy Yiuf
   361 | D        | Killed Crazy Yiuf
   362 | D        | Reached XP level 4. HP: 10/40 MP: 3/3
   607 | D        | Noticed a water elemental
   610 | D        | Killed a water elemental
   611 | D        | Reached XP level 5. HP: 46/46 MP: 4/4
   618 | D        | Found a hide-covered altar of Uskayaw.
   618 | D        | Found an iron altar of Okawaru.
   618 | D        | Found a bloodstained altar of Trog.
   618 | D        | Found an ornate altar of the Wu Jian Council.
   618 | D        | Noticed a human
   620 | D        | Killed a human
   620 | D        | Noticed a human
   621 | D        | Reached skill level 10 in Polearms
   629 | D        | Killed a human
   630 | D        | Reached XP level 6. HP: 28/52 MP: 5/5
   631 | D        | Became a worshipper of Warmaster Okawaru
   643 | D        | Found a basalt altar of Yredelemnul.
   643 | D        | Found a shadowy altar of Dithmenos.
   643 | D        | Found a sacrificial altar of Ru.
   651 | D        | Reached XP level 7. HP: 32/58 MP: 6/6
   659 | D        | Noticed a shadow
   668 | D        | Killed a shadow
   668 | D        | Reached * piety under Okawaru
   677 | D        | Found a blossoming altar of Fedhas.
   677 | D        | Found a stormy altar of Qazlal.
   677 | D        | Found a snail-covered altar of Cheibriados.
   677 | D        | Found a burning altar of Makhleb.
   677 | D        | Found a shimmering altar of Xom.
   677 | D        | Noticed a spatial vortex
   678 | D        | Found a hazy altar of Hepliaklqana.
   678 | D        | Found an opulent altar of Gozag.
   678 | D        | Found a sparkling altar of Nemelex Xobeh.
   678 | D        | Found a corrupted altar of Lugonu.
   678 | D        | Found a viscous altar of Jiyva.
   684 | D        | Killed a spatial vortex
   846 | D        | Found a radiant altar of Vehumet.
   846 | D        | Found a shimmering blue altar of Sif Muna.
   846 | D        | Found an ancient bone altar of Kikubaaqudgha.
   849 | D        | Noticed an ice devil
   853 | D        | Slain by an ice devil

Illustrated notes

Levels and vault maps discovered:
D:        dungeon_sprint_mu [sprint_mu_entry_cave, sprint_mu_temple_rooms,
          sprint_mu_d1_spiders, sprint_mu_d2_genie, sprint_mu_d3_branching,
          sprint_mu_orc_legion, sprint_mu_elf_gauntlet, sprint_mu_hive_nellie,
          sprint_mu_lair_fedhas, sprint_mu_vaults_butterflies,
          sprint_mu_slime_circle, sprint_mu_swamp_cave, sprint_mu_snake_twists,
          sprint_mu_blade_basic, sprint_mu_crypt_chambers,
          sprint_mu_tomb_spiral, sprint_mu_vestibule_basic,
          sprint_mu_gehenna_hellfire, sprint_mu_dis_giant,
          sprint_mu_tartarus_statrot, sprint_mu_cocytus_islands, sprint_mu_zot1]

Skill      XL: |  1  2  3  4  5  6  7 |
---------------+----------------------+-----
Shields        | 6 7 9 12 13 14 | 14.4
Polearms       | 5 7 8 12 14 | 14.1
Fighting       | 4 |  4.1
Armour         | |  3.9
Invocations    | |  0.6

Action                   |  1- 3 |  4- 6 |  7- 9 || total
-------------------------+-------+-------+-------++-------
Melee: Trident           |    29 |    18 |    20 ||    67
       Headbutt          |     4 |     4 |     5 ||    13
Invok: Heroism           |       |       |     1 ||     1
  Use: Potion            |       |     1 |       ||     1
 Stab: Sleeping          |       |       |     1 ||     1
Armor: Scale mail        |     2 |     4 |     1 ||     7
Dodge: Dodged            |     8 |     3 |     2 ||    13
Block: Buckler           |     3 |     1 |     2 ||     6
